 Dungeon Crawl Stone Soup version 0.29.0-7-g18a832c13a (webtiles) character file.

Game seed: 7788262759647138338

415 brob1 the Trooper (level 6, -3/85 HPs)
             Began as a Minotaur Berserker on Sept 1, 2022.
             Was a Believer of Trog.
             Succumbed to Ijyb's poison
             ... on level 3 of the Dungeon.
             The game lasted 00:01:57 (2139 turns).

brob1 the Trooper (Minotaur Berserker)              Turns: 2139, Time: 00:01:58

Health: -3/85      AC:  2    Str: 24    XL:     6   Next: 60%
Magic:  5/5        EV: 12    Int:  4    God:    Trog [**....]
Gold:   139        SH:  0    Dex:  9    Spells: 5/5 levels left

rFire   . . .      SeeInvis .   h - +2 whip (elec)
rCold   . . .      Faith    .   (no shield)
rNeg    . . .      Spirit   .   b - +0 animal skin
rPois   .          Reflect  .   (helmet restricted)
rElec   .          Harm     .   (no cloak)
rCorr   +          Rampage  .   (no gloves)
Will    .....                   (no boots)
Stlth   ..........              (no amulet)
HPRegen 0.24/turn               n - ring of resist corrosion
MPRegen 0.09/turn               (no ring)

@: berserking, lethally poisoned (-3 -> -27), very quick
A: horns 2, retaliatory headbutt
a: Renounce Religion, Berserk, Trog's Hand


You were on level 3 of the Dungeon.
You worshipped Trog.
Trog was pleased with you.
You visited 1 branch of the dungeon, and saw 3 of its levels.

You collected 139 gold pieces.

Inventory:

Hand Weapons
 a - a +0 hand axe
 h - a +2 whip of electrocution (weapon)
Armour
 b - a +0 animal skin (worn)
Jewellery
 n - a ring of resist corrosion (left hand)
Scrolls
 c - 2 scrolls of teleportation {unknown}
 g - 3 scrolls of identify {unknown}
 i - a scroll of enchant weapon {unknown}
 j - a scroll of amnesia {unknown}
 k - 2 scrolls of butterflies {unknown}
 m - 2 scrolls of torment {unknown}
Potions
 d - a potion of might {unknown}
 e - a potion of curing {unknown}
 f - a potion of berserk rage {unknown}
 l - a potion of heal wounds {unknown}
 o - a potion of flight {unknown}
 p - a potion of attraction {unknown}


   Skills:
 + Level 6.0 Fighting
 + Level 5.9(6.2) Axes
 + Level 2.5(4.5) Maces & Flails
 + Level 3.0 Armour
 + Level 3.4 Dodging
 + Level 0.4 Stealth


You had 5 spell levels left.
You didn't know any spells.
Your spell library was empty.

Dungeon Overview and Level Annotations

Branches:
Dungeon (3/15)

Altars:
Elyvilon

Shops:
D:1 *


Innate Abilities, Weirdness & Mutations

You have a pair of horns on your head.
You reflexively headbutt those who attack you in melee.


Message History

The quokka bites you.
Ijyb hits you with a +3 dagger of venom.
You closely miss Ijyb. Your headbutt misses Ijyb.
Ijyb is severely wounded.
You feel sick. The quokka misses you. You furiously retaliate!
You headbutt the quokka.
You kill the quokka!
Trog accepts your kill.
You closely miss Ijyb. Your punch misses Ijyb.
Ijyb is severely wounded.
You feel sick.
Ijyb hits you with a +3 dagger of venom.
* * * LOW HITPOINT WARNING * * *
You are lethally poisoned!
You hit Ijyb. Your headbutt misses Ijyb.
Ijyb is severely wounded.
* * * LOW HITPOINT WARNING * * *
You feel very sick.
You barely miss Ijyb.
Ijyb is severely wounded.
* * * LOW HITPOINT WARNING * * *
You feel very sick.
Ijyb hits you with a +3 dagger of venom!
* * * LOW HITPOINT WARNING * * *
You are more poisoned.
You closely miss Ijyb.
Ijyb is severely wounded.
* * * LOW HITPOINT WARNING * * *
You feel very sick.
Ijyb hits you with a +3 dagger of venom.
* * * LOW HITPOINT WARNING * * *
You are more poisoned.
You hit Ijyb. Your headbutt misses Ijyb.
Ijyb is almost dead.
* * * LOW HITPOINT WARNING * * *
You feel very sick.
You whack Ijyb! Lightning courses through Ijyb!
You kill Ijyb!
Trog accepts your kill.
You die...

........#
.?.....#
......######
..........#
.........#
...>....#
#)†.....#
##@......#
#....#####
#)#..#
###.#.##
##...#.#
##..$...#
###...#####
#....##
#.##.#


There were no monsters in sight!

Vanquished Creatures
  Grinder (D:3)
  Sigmund (D:2)
  Ijyb (D:3)
  4 adders
  2 worms
  4 orcs (D:3)
  6 ball pythons
  4 endoplasms
  A giant cockroach (D:3)
  A goblin (D:3)
  4 hobgoblins
  6 kobolds
  A quokka (D:3)
  4 bats
  2 frilled lizards
  A rat (D:2)
43 creatures vanquished.

Vanquished Creatures (others)
  A withered plant (D:2)
1 creature vanquished.

Grand Total: 44 creatures vanquished

Notes
Turn   | Place    | Note
-------+----------+-------------------------------------------
     0 | D:1      | brob1 the Minotaur Berserker began the quest for the Orb.
     0 | D:1      | Reached XP level 1. HP: 19/19 MP: 0/0
   280 | D:1      | Found Werum's General Store.
   350 | D:1      | Reached skill level 4 in Fighting
   350 | D:1      | Reached XP level 2. HP: 27/27 MP: 1/1
   858 | D:2      | Reached XP level 3. HP: 33/33 MP: 2/2
   873 | D:2      | Found a faded altar of an unknown god.
   904 | D:2      | Reached ** piety under Trog
  1260 | D:2      | Noticed Sigmund
  1268 | D:2      | Killed Sigmund
  1269 | D:2      | Reached skill level 5 in Fighting
  1269 | D:2      | Reached skill level 5 in Axes
  1269 | D:2      | Reached skill level 1 in Maces & Flails
  1269 | D:2      | Reached XP level 4. HP: 33/42 MP: 3/3
  1269 | D:2      | Reached XP level 5. HP: 38/48 MP: 4/4
  1825 | D:3      | Noticed Grinder
  1831 | D:3      | Killed Grinder
  1832 | D:3      | Reached skill level 6 in Fighting
  1832 | D:3      | Reached XP level 6. HP: 39/57 MP: 5/5
  2013 | D:3      | Found a white marble altar of Elyvilon.
  2125 | D:3      | Noticed Ijyb
  2138 | D:3      | HP: 1/85 [poisoned by Ijyb]
  2139 | D:3      | Killed Ijyb
  2139 | D:3      | Succumbed to Ijyb's poison

Illustrated notes

Levels and vault maps discovered:
D:1:      dpeg_arrival_castle, layout_basic, serial_shops, nicolae_shop_crystal,
          serial_park_tiny_2, chequers_avenue, columned_hall_lemuel,
          corexii_leaking_fountain
D:2:      layout_loops_ring, shapermc_ecumenical_altar_gd, uniq_sigmund
D:3:      layout_rooms, nicolae_overflow_crystal_walls, uniq_ijyb, uniq_grinder

Skill      XL: |  1  2  3  4  5 |
---------------+----------------+-----
Fighting       | 4 5 6 |  6.0
Axes           | 4 5 |  5.9
Maces & Flails | 1 2 |  2.5
Dodging        | 3 |  3.4
Armour         | 3 |  3.0
Stealth        | |  0.4

Action                   |  1- 3 |  4- 6 || total
-------------------------+-------+-------++-------
Melee: Hand axe          |    31 |       ||    31
       Headbutt          |     3 |     9 ||    12
       Whip              |    20 |    47 ||    67
       Punch             |       |     1 ||     1
Invok: Berserk           |     1 |     1 ||     2
Armor: Animal skin       |     8 |     2 ||    10
Dodge: Dodged            |    37 |    15 ||    52
